 Dungeon Crawl Stone Soup version 0.30.1-4-g462c640d31 (webtiles) character file.

Game seed: 8590898152880280592

2681 safid the Frost Mage (level 9, 0/71 HPs)
             Began as a Merfolk Ice Elementalist on Sept 18, 2023.
             Slain by Amaemon
             ... wielding a +1 demon whip of venom
              (2 damage)
             ... on level 7 of the Dungeon.
             The game lasted 00:11:22 (7908 turns).

safid the Frost Mage (Merfolk Ice Elementalist)     Turns: 7908, Time: 00:11:25

Health: 0/71       AC:  5    Str: 11    XL:     9   Next: 64%
Magic:  12/18      EV: 14    Int: 21    God:
Gold:   470        SH:  4    Dex: 11    Spells: 13/20 levels left

rFire   . . .        s - +2 whip (venom)
rCold   . . .        p - +0 buckler
rNeg    . . .        a - +0 robe
rPois   .            n - +0 helmet
rElec   .            (no cloak)
rCorr   .            u - +1 pair of gloves of the Hot Ocelot {Will+ Str+3 Int+2 Dex-3}
SInv    .            (no boots)
Will    +....        t - amulet of regeneration
Stlth   ++           (no ring)
HPRegen 1.11/turn    (no ring)
MPRegen 0.16/turn

%: no passive effects
@: lethally poisoned (0 -> -8), slowed, very slow
A: (nimble swimmer 2), mertail
a: no special abilities


You were on level 7 of the Dungeon.
You visited 2 branches of the dungeon, and saw 9 of its levels.
You also visited: Sewer.

You collected 470 gold pieces.

Inventory:

Hand Weapons
 o - a +1 dagger of flaming
 r - a +1 trident of freezing
 s - a +2 whip of venom (weapon)
Armour
 a - a +0 robe (worn)
 n - a +0 helmet (worn)
 p - a +0 buckler (worn)
 u - the +1 pair of gloves of the Hot Ocelot (worn) {Will+ Str+3 Int+2 Dex-3}
   (You found it on level 3 of the Dungeon)

   Str:       It affects your strength (+3).
   Int:       It affects your intelligence (+2).
   Dex:       It affects your dexterity (-3).
   Will:      It increases your willpower.
Jewellery
 t - an amulet of regeneration (around neck)
Wands
 x - a wand of roots (7)
 C - a wand of mindburst (7)
Scrolls
 d - a scroll of identify
 g - a scroll of amnesia
 j - 2 scrolls of teleportation
 l - a scroll of fog
 m - 2 scrolls of magic mapping
 q - a scroll of torment {unknown}
 v - 2 scrolls of brand weapon
 y - a scroll of enchant armour {unknown}
 D - a scroll of blinking {unknown}
Potions
 b - 2 potions of magic
 c - 4 potions of might
 e - 2 potions of berserk rage
 f - a potion of brilliance {unknown}
 h - a potion of mutation {unknown}
 i - a potion of invisibility {unknown}
 k - a potion of ambrosia {unknown}
 w - a potion of heal wounds {unknown}
 z - 3 potions of lignification
 A - 2 potions of flight
 B - 2 potions of curing


   Skills:
 + Level 6.6 Fighting
 + Level 7.7 Dodging
 - Level 2.1 Stealth
 - Level 4.0 Shields
 + Level 6.0 Spellcasting
 + Level 8.1 Ice Magic


You had 13 spell levels left.
You knew the following spells:

 Your Spells              Type           Power      Damage    Failure   Level
a - Freeze                Ice            100%       1d10      1%          1
b - Frozen Ramparts       Ice            80%        1d13      1%          3
c - Ozocubu's Armour      Ice            40%        N/A       1%          3

Your spell library contained the following spells:

 Spells                   Type           Power      Damage    Failure   Level
 Beastly Appendage        Tmut           12%        N/A       14%         1
 Sandblast                Erth           12%        2d6       14%         1
 Passwall                 Tmut/Erth      5%         N/A       21%         2
 Wereblood                Tmut           6%         N/A       21%         2
 Summon Ice Beast         Ice/Summ       23%        N/A       26%         4
 Spider Form              Tmut/Pois      6%         N/A       38%         3
 Stone Arrow              Conj/Erth      12%        3d7       38%         3
 Tukima's Dance           Hex            6%         N/A       38%         3
 Cause Fear               Hex            3%         N/A       80%         4
 Passage of Golubria      Tloc           6%         N/A       80%         4
 Yara's Violent Unravell  Hex/Tmut       3%         3d4       98%         5
 Ozocubu's Refrigeration  Ice            20%        4d11      99%         7
 Dragon Form              Tmut           3%         N/A       100%        7
 Dragon's Call            Summ           3%         N/A       100%        9


Dungeon Overview and Level Annotations

Branches:
Dungeon (8/15)             Temple (1/1) D:4           Sewer (visited)
   Lair: D:8-11

Altars:
Ashenzari
Cheibriados
Dithmenos
Elyvilon
Fedhas
Gozag
Hepliaklqana
Kikubaaqudgha
Makhleb
Nemelex Xobeh
Okawaru
Qazlal
Sif Muna
Uskayaw
Wu Jian
Yredelemnul
Zin
The Shining One

Shops:
D:3 [

Annotations:
D:7 Amaemon


Innate Abilities, Weirdness & Mutations

((You are very nimble when in or above water. (Stealth+, EV+, Speed+++)))
Your lower body shifts to a powerful aquatic tail in water.


Message History

Your icy armour and frozen ramparts will break if you move.
Continue?
Uppercase [Y]es or [N]o only, please.
Your icy armour and frozen ramparts will break if you move.
Continue?
Okay, then.
Your icy armour and frozen ramparts will break if you move.
Continue?
Uppercase [Y]es or [N]o only, please.
Your icy armour and frozen ramparts will break if you move.
Continue?
You feel very sick.
The wall freezes the scorpion.
The wall freezes Amaemon.
Amaemon points at the scorpion and mumbles some strange words.
The scorpion seems to grow toxic.
The wall freezes the orange demon!
You kill the orange demon!
The wall freezes the scorpion but does no damage.
The scorpion barely misses you.
The wall freezes Amaemon.
Amaemon hits you with a +1 demon whip of venom!
* * * LOW HITPOINT WARNING * * *
You are more poisoned.
Amaemon claws you.
* * * LOW HITPOINT WARNING * * *
Amaemon tail-slaps you.
* * * LOW HITPOINT WARNING * * *
Your Spellcasting skill increases to level 6!
Your Ice Magic skill increases to level 8!
The frozen ramparts melt away.
You climb upwards.
The scorpion disappears in a puff of smoke! x2
Your icy armour cracks and falls away as you move.
* * * LOW HITPOINT WARNING * * *
You feel extremely sick.
There is a stone staircase leading down here.
Unknown command.
Unknown command.
Unknown command.
Unknown command.
It was a potion of curing.
You feel better.
Amaemon says, "Afraid of a little sting?"
Amaemon hits you with a +1 demon whip of venom!
* * * LOW HITPOINT WARNING * * *
You are lethally poisoned!
Amaemon claws you.
You die...

#.......# #..####### #.......#
#..######### ........#####
#........... ............#
#####.########## ........###.#
#.......# ........# #.#
#.###.#.######## .....#### #.#
#.....#.#.......
....#######.############.#.######
................@........#......#
.##.##.####.####6##############.#
###.........# #.#####.....)..#.#
.....#.###### #.#.....##..))....
####.....# #.#.######.###.#.#
.......#.# #.#)# #....#.#.#.#
####...#.# #.#.# #.####...#.# #
#...#.# #.#.###..#.....#.# #
#...#.#######'#).....#.#.#.#.#


You could see Amaemon.

Vanquished Creatures
  An orange demon (D:8)
  A steam dragon (D:6)
  2 water moccasins
  A black bear (D:2)
  2 ice beasts (D:7)
  2 ogres
  A centaur (D:6)
  A phantom (D:4)
  2 kobold brigands (D:7)
  A gnoll sergeant (D:6)
  3 scorpions
  5 jellies
  4 killer bees (D:7)
  2 howler monkeys
  4 hounds
  A sleepcap (D:7)
  5 iguanas
  An orc wizard (D:4)
  Terence (D:2)
  8 gnolls
  A river rat (D:4)
  8 adders
  2 shadow imps
  A white imp (D:7)
  4 ufetubi (D:7)
  3 worms
  5 dart slugs
  12 orcs
  9 ball pythons
  6 endoplasms
  6 giant cockroaches
  5 hobgoblins
  8 jackals
  6 quokkas
  13 bats
  9 frilled lizards
  4 goblins
  16 kobolds
  8 rats
174 creatures vanquished.

Notes
Turn   | Place    | Note
-------+----------+-------------------------------------------
     0 | D:1      | safid the Merfolk Ice Elementalist began the quest for the
                  | Orb.
     0 | D:1      | Reached XP level 1. HP: 13/13 MP: 3/3
   119 | D:1      | Found a faded altar of an unknown god.
   212 | D:1      | Reached XP level 2. HP: 20/20 MP: 3/5
   282 | D:1      | Reached skill level 1 in Fighting
   800 | D:1      | Reached XP level 3. HP: 26/26 MP: 6/6
   804 | D:1      | Learned a level 3 spell: Frozen Ramparts
  1453 | D:2      | Noticed a black bear
  1476 | D:2      | Killed a black bear
  1477 | D:2      | Reached skill level 5 in Ice Magic
  1477 | D:2      | Reached XP level 4. HP: 5/34 MP: 0/8
  1477 | D:2      | Reached XP level 5. HP: 5/39 MP: 0/9
  1483 | D:2      | Learned a level 3 spell: Ozocubu's Armour
  2055 | D:2      | Noticed Terence
  2071 | D:2      | Killed Terence
  2706 | D:3      | Found Ekius's Armour Shoppe.
  2784 | D:3      | Reached XP level 6. HP: 47/47 MP: 11/11
  2872 | D:3      | Identified the +1 pair of gloves of the Hot Ocelot {Will+
                  | Str+3 Int+2 Dex-3}
  3267 | D:4      | Reached skill level 1 in Shields
  3279 | D:4      | Found a glowing drain.
  3296 | Sewer    | Entered a sewer
  3323 | Sewer    | Noticed a water moccasin
  3336 | Sewer    | Killed a water moccasin
  3544 | D:4      | Reached XP level 7. HP: 49/53 MP: 12/12
  3624 | D:4      | Found a hide-covered altar of Uskayaw.
  3627 | D:4      | Found a shimmering blue altar of Sif Muna.
  3675 | D:4      | Reached skill level 6 in Ice Magic
  3794 | D:4      | Found a staircase to the Ecumenical Temple.
  3805 | Temple   | Entered the Ecumenical Temple
  4216 | D:4      | Found an iron altar of Okawaru.
  4470 | D:4      | Found a glowing golden altar of the Shining One.
  4639 | D:5      | Entered Level 5 of the Dungeon
  4843 | D:5      | Found an ornate altar of the Wu Jian Council.
  5090 | D:5      | Reached XP level 8. HP: 61/61 MP: 7/14
  5139 | D:5      | Reached skill level 5 in Dodging
  5788 | D:6      | Reached skill level 5 in Fighting
  6044 | D:6      | Reached skill level 7 in Ice Magic
  6049 | D:6      | Reached skill level 5 in Spellcasting
  6104 | D:6      | Found a hazy altar of Hepliaklqana.
  6376 | D:6      | Reached XP level 9. HP: 61/68 MP: 16/16
  7572 | D:7      | Found a glowing silver altar of Zin.
  7573 | D:7      | Found a sparkling altar of Nemelex Xobeh.
  7899 | D:8      | Noticed Amaemon
  7899 | D:8      | Noticed an orange demon
  7899 | D:8      | Found a basalt altar of Yredelemnul.
  7906 | D:8      | Killed an orange demon
  7907 | D:8      | Reached skill level 8 in Ice Magic
  7908 | D:7      | HP: 2/71 [Amaemon/+1 demon whip of venom (14)]
  7908 | D:7      | Slain by Amaemon

Illustrated notes

Levels and vault maps discovered:
D:1:      zaba_arrival_water, layout_loops_ring,
          hellmonk_ecumenical_altar_defaced_shrine, nrook_mini_backslash
D:2:      layout_basic, minmay_randomly_rotated_circles, uniq_terence
D:3:      layout_basic, serial_shops, shop
D:4:      minmay_door_path, layout_loops_ring, nicolae_overflow_hidden_temple,
          nicolae_overflow_squiral, mainiacjoe_overflow_paths, temple_fountains,
          gup_sewer_entry_bubbles
D:5:      wad_pebble_path, layout_loops_corners, marbit_many_paths,
          minmay_misc_feat_chi, serial_bayou_ford_a, kennysheep_generic_room_9
D:6:      layout_basic, mainiacjoe_overflow_tiny_flanked
D:7:      layout_basic, amethyst_overflow_temple_binary
D:8:      layout_rooms, mainiacjoe_overflow_small_starburst,
          lemuel_crystal_altar, uniq_amaemon, uniq_maurice, uniq_joseph
Temple:   chequers_temple_sunken

Skill      XL: |  1  2  3  4  5  6  7  8  9 |
---------------+----------------------------+-----
Fighting       | 1 2 3 4 5 6 |  6.6
Spellcasting   | 3 4 5 6 |  6.0
Ice Magic      | 5 6 7 8 |  8.1
Dodging        | 3 4 6 7 |  7.7
Shields        | 1 2 4 |  4.0
Stealth        | |  2.1

Action                     |  1- 3 |  4- 6 |  7- 9 || total
---------------------------+-------+-------+-------++-------
  Melee: Club              |    91 |     2 |       ||    93
         Dagger            |       |    71 |    23 ||    94
         Whip              |       |    86 |   219 ||   305
         Falchion          |       |     8 |       ||     8
         Tailslap          |       |     4 |       ||     4
   Cast: Freeze            |    37 |    14 |     5 ||    56
         Frozen Ramparts   |     1 |     6 |    23 ||    30
         Ozocubu's Armour  |       |     2 |    19 ||    21
    Use: Scroll            |       |       |     9 ||     9
         Potion            |       |       |     1 ||     1
   Stab: Sleeping          |     5 |     4 |     5 ||    14
 Armour: Robe              |    31 |    45 |    70 ||   146
  Dodge: Dodged            |    83 |   117 |   136 ||   336
  Block: Buckler           |       |    22 |    46 ||    68
